[ AOE2 MATCH · #505981437 ]
UnrankedTurks vs Teutons
Player's team · WIN
Rival team · LOSS
[ REPLAY ANALYSIS · EXTRACTED FROM THE RECORDED GAME ]
Feudal
—
Castle
—
Imperial
—
| APM avg | 24.7 |
| APM peak | 49 |
| eAPM avg | 15.1 |
| Villagers / military | 129 / 639 |
Focus
⚔️ 35.5% · 🌾 64.5%
Scout Cavalry ×299 · Janissary ×268 · Bombard Cannon ×63 · Monk ×6 · Spearman ×3
Feudal
—
Castle
—
Imperial
—
| APM avg | 30.5 |
| APM peak | 67 |
| eAPM avg | 19.4 |
| Villagers / military | 122 / 352 |
Focus
⚔️ 33.7% · 🌾 66.3%
Spearman ×243 · Teutonic Knight ×58 · Bombard Cannon ×39 · Scout Cavalry ×7 · Monk ×3 · Mangonel ×1
Match map
Initial resources + every placement click. Lines = walls · curves = elevation contours. ◆ gold · ⬟ stone · ● berries · ✦ relic · ◌ wall gap
Your base· ✓ Closed at 12:28 · 0t walls · 2 gate(s)
YAMATO's base· ✓ Closed at 14:00 · 0t walls · 2 gate(s)
Smoothed initial terrain · ◌ = detected wall gap · hover for details
Inputs per minute
— shwajackson - - YAMATO
Build order — shwajackson
First 150 of 547 actions detected
| 0:01 | Queue | Villager (Male) |
| 0:01 | Queue | Villager (Male) |
| 0:02 | Queue | Villager (Male) |
| 0:02 | Queue | Villager (Male) |
| 0:04 | Build | House |
| 0:05 | Build | House |
| 1:34 | Queue | Villager (Male) |
| 1:58 | Build | Lumber Camp |
| 2:05 | Queue | Villager (Male) |
| 2:21 | Queue | Villager (Male) |
| 2:49 | Queue | Villager (Male) |
| 3:17 | Queue | Villager (Male) |
| 3:25 | Build | House |
| 3:44 | Queue | Villager (Male) |
| 3:45 | Queue | Villager (Male) |
| 4:36 | Queue | Villager (Male) |
| 4:37 | Queue | Villager (Male) |
| 4:42 | Build | Mill |
| 5:02 | Build | House |
| 5:19 | Queue | Villager (Male) |
| 5:31 | Queue | Villager (Male) |
| 5:59 | Queue | Villager (Male) |
| 6:00 | Queue | Villager (Male) |
| 6:00 | Queue | Villager (Male) |
| 6:13 | Build | Farm |
| 6:39 | Build | Farm |
| 7:00 | Queue | Villager (Male) |
| 7:00 | Queue | Villager (Male) |
| 7:44 | Build | Farm |
| 8:12 | Queue | Villager (Male) |
| 8:27 | Research | Feudal Age |
| 8:39 | Build | Mining Camp |
| 9:01 | Queue | Villager (Male) |
| 9:02 | Queue | Villager (Male) |
| 9:32 | Build | Farm |
| 9:43 | Build | House |
| 11:06 | Build | Market |
| 11:47 | Research | Double-Bit Axe |
| 11:58 | Build | Blacksmith |
| 12:02 | Queue | Villager (Male) |
| 12:28 | Research | Castle Age |
| 13:07 | Build | Barracks |
| 13:57 | Build | Stable |
| 14:32 | Queue | Scout Cavalry |
| 14:32 | Queue | Scout Cavalry |
| 14:38 | Research | Double-Bit Axe |
| 14:52 | Build | Farm |
| 14:56 | Build | Farm |
| 15:01 | Build | Farm |
| 15:10 | Queue | Villager (Male) |
| 15:15 | Build | House |
| 15:20 | Build | Monastery |
| 15:23 | Build | Farm |
| 15:29 | Research | Bow Saw |
| 15:35 | Build | House |
| 15:45 | Build | House |
| 15:49 | Build | Farm |
| 15:50 | Queue | Villager (Male) |
| 15:54 | Queue | Monk |
| 16:02 | Queue | Villager (Male) |
| 16:12 | Build | Farm |
| 16:16 | Build | Farm |
| 16:18 | Queue | Villager (Male) |
| 16:28 | Build | Farm |
| 16:36 | Queue | Villager (Male) |
| 16:54 | Build | Farm |
| 16:55 | Queue | Villager (Male) |
| 16:59 | Build | House |
| 17:09 | Queue | Villager (Male) |
| 17:13 | Queue | Monk |
| 17:35 | Build | Farm |
| 17:43 | Build | Town Center |
| 17:49 | Queue | Villager (Male) |
| 17:55 | Queue | Scout Cavalry |
| 18:32 | Queue | Villager (Male) |
| 18:37 | Queue | Monk |
| 18:47 | Build | Farm |
| 18:51 | Build | Farm |
| 19:13 | Queue | Villager (Male) |
| 19:16 | Build | Farm |
| 19:17 | Queue | Villager (Male) |
| 19:19 | Build | Farm |
| 19:19 | Build | Farm |
| 19:20 | Build | Farm |
| 19:21 | Queue | Villager (Male) |
| 19:21 | Queue | Villager (Male) |
| 19:27 | Build | Town Center |
| 19:29 | Queue | Villager (Male) |
| 20:35 | Build | Farm |
| 20:35 | Build | Farm |
| 20:35 | Build | Farm |
| 20:36 | Build | Farm |
| 20:37 | Build | Farm |
| 20:40 | Queue | Villager (Male) |
| 20:40 | Queue | Villager (Male) |
| 20:40 | Queue | Villager (Male) |
| 20:41 | Queue | Villager (Male) |
| 20:43 | Build | Farm |
| 20:46 | Queue | Monk |
| 21:06 | Build | House |
| 21:08 | Build | House |
| 21:12 | Build | Farm |
| 21:22 | Queue | Villager (Male) |
| 21:34 | Build | Archery Range |
| 21:38 | Build | Farm |
| 21:40 | Queue | Villager (Male) |
| 21:52 | Queue | Spearman |
| 21:57 | Build | Farm |
| 21:59 | Build | Farm |
| 22:00 | Queue | Villager (Male) |
| 22:00 | Queue | Villager (Male) |
| 22:00 | Queue | Villager (Male) |
| 22:00 | Queue | Villager (Male) |
| 22:03 | Build | Farm |
| 22:03 | Build | Farm |
| 22:03 | Build | Farm |
| 22:04 | Build | Farm |
| 22:07 | Queue | Villager (Male) |
| 22:07 | Queue | Villager (Male) |
| 22:07 | Queue | Villager (Male) |
| 22:28 | Queue | Scout Cavalry |
| 22:28 | Queue | Scout Cavalry |
| 22:33 | Build | Farm |
| 22:39 | Build | Farm |
| 22:51 | Queue | Spearman |
| 22:55 | Queue | Monk |
| 22:58 | Build | Farm |
| 23:01 | Queue | Villager (Male) |
| 23:01 | Queue | Villager (Male) |
| 23:02 | Queue | Villager (Male) |
| 23:02 | Queue | Villager (Male) |
| 23:02 | Queue | Villager (Male) |
| 23:30 | Queue | Spearman |
| 23:44 | Queue | Scout Cavalry |
| 23:54 | Build | Farm |
| 23:55 | Build | Farm |
| 24:08 | Queue | Villager (Male) |
| 24:08 | Queue | Villager (Male) |
| 24:08 | Queue | Villager (Male) |
| 24:09 | Queue | Villager (Male) |
| 24:09 | Queue | Villager (Male) |
| 24:10 | Queue | Villager (Male) |
| 24:29 | Queue | Villager (Male) |
| 24:32 | Build | Farm |
| 24:34 | Build | Farm |
| 25:04 | Build | Farm |
| 25:07 | Build | House |
| 25:08 | Build | Farm |
| 25:09 | Build | Farm |
| 25:11 | Build | Farm |
Build order — YAMATO
First 150 of 522 actions detected
| 0:01 | Queue | Villager (Male) |
| 0:02 | Build | House |
| 0:03 | Build | House |
| 0:25 | Queue | Villager (Male) |
| 0:26 | Queue | Villager (Male) |
| 0:50 | Queue | Villager (Male) |
| 1:27 | Queue | Villager (Male) |
| 2:03 | Queue | Villager (Male) |
| 2:11 | Build | Mill |
| 2:13 | Queue | Villager (Male) |
| 2:16 | Build | House |
| 2:42 | Queue | Villager (Male) |
| 2:59 | Queue | Villager (Male) |
| 3:20 | Queue | Villager (Male) |
| 3:34 | Queue | Villager (Male) |
| 4:24 | Queue | Villager (Male) |
| 4:42 | Queue | Villager (Male) |
| 4:56 | Build | Lumber Camp |
| 5:00 | Queue | Villager (Male) |
| 5:45 | Queue | Villager (Male) |
| 5:57 | Build | House |
| 6:08 | Queue | Villager (Male) |
| 6:38 | Queue | Villager (Male) |
| 6:48 | Build | Mining Camp |
| 7:05 | Queue | Villager (Male) |
| 7:30 | Queue | Villager (Male) |
| 7:42 | Build | Mining Camp |
| 7:52 | Research | Feudal Age |
| 8:05 | Build | House |
| 8:46 | Build | Mill |
| 9:24 | Queue | Villager (Male) |
| 10:06 | Research | Double-Bit Axe |
| 10:10 | Queue | Villager (Male) |
| 10:31 | Build | Blacksmith |
| 10:36 | Queue | Villager (Male) |
| 11:04 | Queue | Villager (Male) |
| 11:11 | Build | Market |
| 11:18 | Queue | Villager (Male) |
| 11:20 | Build | Farm |
| 11:43 | Build | Farm |
| 11:49 | Build | Farm |
| 11:52 | Queue | Villager (Male) |
| 12:10 | Build | House |
| 12:15 | Queue | Villager (Male) |
| 12:28 | Build | Farm |
| 12:30 | Build | Farm |
| 12:32 | Build | Farm |
| 12:50 | Build | House |
| 12:58 | Queue | Villager (Male) |
| 13:05 | Build | Farm |
| 13:25 | Build | Farm |
| 13:27 | Queue | Villager (Male) |
| 13:28 | Build | Farm |
| 13:49 | Build | Farm |
| 13:56 | Build | Farm |
| 14:00 | Research | Castle Age |
| 14:04 | Build | Farm |
| 14:06 | Build | Farm |
| 15:29 | Build | Barracks |
| 15:36 | Build | House |
| 15:43 | Queue | Villager (Male) |
| 16:00 | Queue | Villager (Male) |
| 16:02 | Research | Forging |
| 16:09 | Queue | Spearman |
| 16:14 | Queue | Spearman |
| 16:38 | Build | Stable |
| 16:45 | Research | Squires |
| 16:47 | Queue | Villager (Male) |
| 16:59 | Build | Monastery |
| 17:02 | Queue | Villager (Male) |
| 17:07 | Queue | Spearman |
| 17:13 | Queue | Scout Cavalry |
| 17:33 | Queue | Spearman |
| 17:33 | Queue | Spearman |
| 17:38 | Queue | Monk |
| 17:45 | Queue | Scout Cavalry |
| 17:48 | Queue | Villager (Male) |
| 17:50 | Build | Farm |
| 18:33 | Queue | Spearman |
| 18:34 | Queue | Spearman |
| 18:49 | Queue | Spearman |
| 18:51 | Queue | Scout Cavalry |
| 19:21 | Queue | Monk |
| 19:51 | Queue | Spearman |
| 19:52 | Queue | Scout Cavalry |
| 19:53 | Queue | Scout Cavalry |
| 19:55 | Build | House |
| 19:56 | Build | House |
| 19:58 | Queue | Monk |
| 20:34 | Queue | Spearman |
| 20:34 | Queue | Spearman |
| 20:38 | Queue | Scout Cavalry |
| 21:27 | Queue | Spearman |
| 21:27 | Queue | Scout Cavalry |
| 21:35 | Build | Town Center |
| 21:39 | Build | Mining Camp |
| 21:44 | Build | Siege Workshop |
| 22:01 | Build | Castle |
| 22:02 | Queue | Villager (Male) |
| 22:54 | Build | Farm |
| 23:00 | Build | Farm |
| 23:00 | Build | Farm |
| 23:01 | Build | Farm |
| 23:01 | Build | Farm |
| 23:03 | Queue | Villager (Male) |
| 23:03 | Queue | Villager (Male) |
| 23:53 | Build | Farm |
| 23:56 | Queue | Villager (Male) |
| 23:57 | Research | Wheelbarrow |
| 23:57 | Queue | Villager (Male) |
| 24:00 | Build | Farm |
| 24:40 | Build | Farm |
| 24:47 | Queue | Villager (Male) |
| 24:51 | Queue | Villager (Male) |
| 25:13 | Research | Imperial Age |
| 25:16 | Research | Loom |
| 25:23 | Research | Bow Saw |
| 25:53 | Build | Farm |
| 25:58 | Research | Fletching |
| 26:05 | Queue | Villager (Male) |
| 26:06 | Queue | Villager (Male) |
| 26:17 | Build | University |
| 26:31 | Build | House |
| 26:39 | Queue | Villager (Male) |
| 26:50 | Research | Bodkin Arrow |
| 27:20 | Queue | Villager (Male) |
| 27:36 | Research | Horse Collar |
| 27:39 | Queue | Villager (Male) |
| 28:10 | Research | Ballistics |
| 28:18 | Queue | Villager (Male) |
| 28:19 | Queue | Villager (Male) |
| 28:21 | Queue | Villager (Male) |
| 28:23 | Queue | Villager (Male) |
| 28:28 | Research | Chemistry |
| 28:46 | Queue | Villager (Male) |
| 28:48 | Build | Farm |
| 28:48 | Build | Farm |
| 28:49 | Build | Farm |
| 28:49 | Build | Farm |
| 28:53 | Queue | Villager (Male) |
| 29:02 | Build | Farm |
| 29:09 | Queue | Villager (Male) |
| 29:10 | Queue | Villager (Male) |
| 29:22 | Build | Farm |
| 30:02 | Queue | Villager (Male) |
| 30:02 | Queue | Villager (Male) |
| 30:03 | Queue | Villager (Male) |
| 30:14 | Research | Crenellations |
| 30:21 | Build | Farm |
| 30:24 | Build | Farm |
Match timeline
| 13:07 | shwajackson · first_building Barracks |
| 13:57 | shwajackson · first_building Stable |
| 15:20 | shwajackson · first_building Monastery |
| 15:29 | YAMATO · first_building Barracks |
| 16:38 | YAMATO · first_building Stable |
| 16:54 | YAMATO · first_market_buy 100 wood |
| 16:59 | YAMATO · first_building Monastery |
| 21:34 | shwajackson · first_building Archery Range |
| 21:44 | YAMATO · first_building Siege Workshop |
| 22:01 | YAMATO · first_building Castle |
| 22:57 | YAMATO · first_market_sell 500 stone |
| 27:29 | shwajackson · first_building Siege Workshop |
| 31:27 | shwajackson · first_market_buy 100 wood |
| 31:41 | shwajackson · first_building Castle |
| 41:12 | shwajackson · first_market_sell 500 wood |
| 71:24 | YAMATO · resign |
[ AI ANALYSIS · 1 CREDIT ]
What really happened in this match?
Wolo.gg analyzes every decision: build order, eco, micro, common mistakes by bracket. Personalized analysis on WhatsApp or Discord in 30 seconds.
Civ guide
Turks
Perfil
Jugador #19728460